 Dungeon Crawl Stone Soup version 0.24-a0-769-g368c1644f8 (webtiles) character file.

Game seed: 16411193267544416560, levelgen mode: deterministic

14208 Grimalkyne the Archer (level 11, 0/229 HPs)
             Began as a Centaur Arcane Marksman on Oct 5, 2019.
             Was a Priest of Fedhas.
             Succumbed to a queen bee's poison
             ... on level 1 of the Lair of Beasts on Oct 6, 2019.
             The game lasted 01:00:36 (20446 turns).

Grimalkyne the Archer (Centaur Arcane Marksman)    Turns: 20446, Time: 01:00:37

Health: 0/229      AC: 25    Str: 22    XL:     11   Next: 85%
Magic:  12/12      EV:  1    Int: 12    God:    Fedhas [***...]
Gold:   696        SH:  0    Dex: 13    Spells: 1/12 levels left

rFire    . . .     SeeInvis .   P - +1 hand crossbow "Dejurph" {elec, MR- Str+4 Stlth+} (curse)
rCold    . . .     Gourm    .   (no shield)
rNeg     + + +     Faith    .   (armour currently unavailable)
rPois    +         Spirit   .   (helmet currently unavailable)
rElec    .         Reflect  .   (cloak currently unavailable)
rCorr    .         Harm     .   (gloves currently unavailable)
MR       .....     NoTele   +   (no barding)
Stlth    ..........             (no amulet)
HPRegen  0.48/turn              (no ring)
MPRegen  0.13/turn              (no ring)

@: berserking, lethally poisoned (0 -> -18), tree-form, very slightly
contaminated, invisible, very quick
A: large
a: Wall of Briars, Grow Ballistomycete, Renounce Religion


You were on level 1 of the Lair of Beasts.
You worshipped Fedhas.
Fedhas was most pleased with you.
You were not hungry.
You were a tree.
You visited 3 branches of the dungeon, and saw 14 of its levels.

You collected 696 gold pieces.

Inventory:

Hand Weapons
 a - a +1 shortbow
 b - a +5 battleaxe
   (You took it off a wight on level 7 of the Dungeon)
 k - a +0 hunting sling
   (You took it off a goblin on level 2 of the Dungeon)
 P - the cursed +1 hand crossbow "Dejurph" (weapon) {elec, MR- Str+4 Stlth+}
   (You found it on level 8 of the Dungeon)

   It charges the ammunition it shoots with electricity; occasionally upon a
   hit, such missiles may discharge and cause terrible harm.
   It affects your strength (+4).
   It affects your resistance to hostile enchantments.
   It makes you more stealthy.
   It has a curse placed upon it.
Missiles
 d - 176 arrows
 j - 275 stones
 p - 17 poisoned darts
 u - 114 sling bullets
 B - 36 bolts (quivered)
 E - a throwing net {=f, !d}
 S - 3 curare-tipped darts
Armour
 c - a +2 scale mail of fire resistance (melded)
   (You took it off Terence on level 2 of the Dungeon)
 e - a scarf of cloud immunity (melded)
   (You found it on level 6 of the Dungeon)
 g - a +0 pair of gloves (melded)
   (You found it on level 1 of the Dungeon)
 o - the +1 robe of the Shrike {rElec rCorr Int-5 Slay+5}
   (You found it on level 4 of the Dungeon)

   It affects your intelligence (-5).
   It affects your accuracy and damage with ranged weapons and melee attacks
   (+5).
   It insulates you from electricity.
   It provides partial protection from all sources of acid and corrosion.
 w - a +0 helmet (melded)
   (You found it on level 5 of the Dungeon)
 A - a +1 helmet
   (You found it on level 1 of the Lair of Beasts)
Jewellery
 y - a +4 ring of intelligence
   (You found it on level 10 of the Dungeon)
Wands
 G - a wand of acid (11)
   (You found it on level 7 of the Dungeon)
 H - a wand of polymorph (7)
   (You took it off Dowan on level 7 of the Dungeon)
 L - a wand of clouds (4)
   (You found it on level 8 of the Dungeon)
 M - a wand of random effects (14)
   (You found it on level 9 of the Dungeon)
 N - a wand of iceblast (9)
   (You found it on level 9 of the Dungeon)
 T - a wand of paralysis (13)
   (You found it on level 11 of the Dungeon)
Scrolls
 i - 4 scrolls of immolation {!r}
 n - 4 scrolls of teleportation
 t - a scroll of identify
 x - 2 scrolls of enchant weapon
 z - 2 scrolls of vulnerability {!r!r}
 D - a scroll of summoning
 F - 2 scrolls of magic mapping {!r}
 J - a scroll of blinking {!r}
Potions
 h - 2 potions of flight
 m - 2 potions of ambrosia
 s - 4 potions of agility
 v - 2 potions of lignification {!q}
 I - a potion of haste
 K - 3 potions of might
 O - a potion of magic
 R - a potion of resistance
Comestibles
 f - 15 rations


   Skills:
 + Level 11.5 Fighting
 - Level 14.0 Bows
 - Level 5.0 Armour
 - Level 5.6 Dodging
 - Level 1.2 Spellcasting
 - Level 4.9 Hexes


You had one spell level left.
You knew the following spells:

 Your Spells              Type           Power        Failure   Level  Hunger
a - Metabolic Englaciati  Hex/Ice        #.........   96%         5    ######.
c - Confuse               Hex            ##......     12%         3    ####...
s - Slow                  Hex            ##......     6%          2    ###....
v - Corona                Hex            ##.....      3%          1    ##.....

Your spell library contained the following spells:

 Spells                   Type           Power        Failure   Level  Hunger
 Confusing Touch          Hex            ##....       3%          1    ##.....
 Beastly Appendage        Tmut           #.....       30%         1    ##.....
 Flame Tongue             Conj/Fire      #....        30%         1    ##.....
 Magic Dart               Conj           #...         30%         1    ##.....
 Dazzling Spray           Conj/Hex       #.....       32%         3    ####...
 Inner Flame              Hex/Fire       #.......     32%         3    ####...
 Portal Projectile        Hex/Tloc       #.....       32%         3    ####...
 Cause Fear               Hex            ##........   36%         4    #####..
 Corpse Rot               Necr           N/A          41%         2    ###....
 Searing Ray              Conj           #.....       41%         2    ###....
 Sticks to Snakes         Tmut           #.......     41%         2    ###....
 Sublimation of Blood     Necr           #.........   41%         2    ###....
 Throw Flame              Conj/Fire      #.....       41%         2    ###....
 Conjure Flame            Conj/Fire      #.......     65%         3    ####...
 Gell's Gravitas          Tloc           #.........   65%         3    ####...
 Ignite Poison            Fire/Tmut/Pois #.......     65%         3    ####...
 Spider Form              Tmut/Pois      #.........   65%         3    ####...
 Stone Arrow              Conj/Erth      #.....       65%         3    ####...
 Fulminant Prism          Conj/Hex       #.........   71%         4    #####..
 Leda's Liquefaction      Hex/Erth       #.........   71%         4    #####..
 Force Lance              Conj/Tloc      #.......     96%         4    #####..
 Ice Form                 Ice/Tmut       #.......     96%         4    #####..
 Iskenderun's Mystic Bla  Conj           #.......     96%         4    #####..
 Petrify                  Tmut/Erth      #.......     96%         4    #####..
 Sticky Flame             Conj/Fire      #.......     96%         4    #####..
 Yara's Violent Unravell  Hex/Tmut       #.........   96%         5    ######.
 Alistair's Intoxication  Tmut/Pois      #.......     100%        5    ######.
 Blade Hands              Tmut           #.........   100%        5    ######.
 Fireball                 Conj/Fire      #.........   100%        5    ######.
 Irradiate                Conj/Tmut      #.........   100%        5    ######.
 Summon Forest            Summ/Tloc      #.........   100%        5    ######.
 Dispersal                Tloc           #.........   100%        6    #######
 Hydra Form               Tmut           #.........   100%        6    #######
 Summon Hydra             Summ           #.........   100%        7    #######
 Controlled Blink         Tloc           N/A          100%        8    #######
 Disjunction              Tloc           #.........   100%        8    #######


Dungeon Overview and Level Annotations

Branches:
Dungeon (12/15)            Temple (1/1) D:6            Lair (1/6) D:11
    Orc (0/2) D:12

Altars:
Ashenzari
Cheibriados
Elyvilon
Fedhas
Gozag
Kikubaaqudgha
Makhleb
Nemelex Xobeh
Qazlal
Ru
Sif Muna
Trog
Uskayaw
Vehumet
Wu Jian
Xom
Yredelemnul
Zin
The Shining One

Annotations:
D:4 1 runed translucent door, pentaxis93's ghost, amateur DsAK
D:9 exclusion: 2 downstairs
D:10 2 transporters, 1 exclusion, Buelunku's ghost, novice DsAK; Urug
D:11 exclusions: downstairs and obsidian statue


Innate Abilities, Weirdness & Mutations

((You have hooves in place of feet.))
((Armour fits poorly on your strangely shaped body.))
((You cover ground very quickly.))
((You have extremely tough skin. (AC +3)))


Message History

You take 13 damage, and have 13/153 hp.
Firing (i - inventory. (/) - cycle)
B - 43 bolts (quivered)
Aim: a killer bee (moderately wounded, berserk, fast, unusually strong)
You shoot a bolt.
The bolt hits the killer bee but does no damage.
You feel sick. The killer bee stings you!
* * * LOW HITPOINT WARNING * * *
The killer bee stings you but does no damage. x2
You take 8 damage, and have 5/153 hp.
You are confused.
You feel invigorated.
You feel sick.
You hear an angry buzzing noise.
The queen bee stings you.
* * * LOW HITPOINT WARNING * * *
MP restored: 12 Firing (i - inventory. (/) - cycle)
B - 42 bolts (quivered)
Aim: a queen bee (severely wounded)
You shoot a bolt.
You hear an angry buzzing noise.
You regained 5 hp, and now have 11/153 hp.
Firing (i - inventory. (/) - cycle)
B - 41 bolts (quivered)
Aim: a queen bee (severely wounded)
You shoot a bolt.
You feel sick.
The killer bee stings you but does no damage. x3
The queen bee stings you.
* * * LOW HITPOINT WARNING * * *
The killer bee stings you but does no damage.
The queen bee stings you but does no damage.
You regained 5 hp, and now have 16/153 hp.
Firing (i - inventory. (/) - cycle)
B - 40 bolts (quivered)
Aim: a queen bee (severely wounded)
You shoot a bolt.
You feel less invigorated.
You feel less confused.
You feel sick.
The killer bee is no longer berserk.
The killer bee stings you but does no damage.
The killer bee stings you.
* * * LOW HITPOINT WARNING * * *
You are more poisoned.
The killer bee poisons you! The killer bee stings you.
* * * LOW HITPOINT WARNING * * *
The killer bee stings you but does no damage.
The queen bee stings you but does no damage.
The killer bee stings you but does no damage.
You regained 3 hp, and now have 19/153 hp.
Firing (i - inventory. (/) - cycle)
B - 39 bolts (quivered)
Aim: a queen bee (severely wounded)
You shoot a bolt. The bolt barely misses the queen bee.
You feel sick.
The killer bee stings you but does no damage.
The queen bee stings you but does no damage.
The killer bee stings you but does no damage.
The queen bee stings you but does no damage.
You take 1 damage, and have 18/153 hp.
Firing (i - inventory. (/) - cycle)
B - 38 bolts (quivered)
Aim: a queen bee (severely wounded)
You shoot a bolt. The bolt closely misses the queen bee.
You feel sick.
The killer bee stings you but does no damage.
The queen bee stings you.
* * * LOW HITPOINT WARNING * * *
The killer bee stings you but does no damage.
You take 2 damage, and have 16/153 hp.
Firing (i - inventory. (/) - cycle)
B - 37 bolts (quivered)
Aim: a queen bee (severely wounded)
You shoot a bolt.
The bolt completely misses the queen bee.
You feel sick. The killer bee stings you.
* * * LOW HITPOINT WARNING * * *
You are more poisoned.
The killer bee poisons you! The queen bee stings you!
* * * LOW HITPOINT WARNING * * *
You are more poisoned.
The queen bee poisons you!
The killer bee stings you but does no damage.
The queen bee stings you but does no damage.
You take 11 damage, and have 5/153 hp.
Firing (i - inventory. (/) - cycle)
B - 36 bolts (quivered)
Aim: a queen bee (severely wounded)
Okay, then.
You fade into invisibility!
* * * LOW HITPOINT WARNING * * *
You feel very sick. The killer bee barely misses you.
The queen bee stings you but does no damage.
You are very lightly contaminated with residual magic.
You take 2 damage, and have 3/153 hp.
Really quaff
r - a potion of berserk rage {!q}?
Do you really want to go berserk while wielding the cursed +1 hand crossbow "Dejurph" {elec, MR- Str+4 Stlth+}?
A red film seems to cover your vision as you go berserk!
You feel yourself moving faster!
You feel mighty!
* * * LOW HITPOINT WARNING * * *
You feel sick.
The killer bee stings you but does no damage.
The queen bee stings you but does no damage.
You now have 3/229 hp.
You are too berserk!
Really attack while wielding the cursed +1 hand crossbow "Dejurph" {elec, MR- Str+4 Stlth+}? [Y]es or [N]o only, please.
Really attack while wielding the cursed +1 hand crossbow "Dejurph" {elec, MR- Str+4 Stlth+}?
You barely miss the queen bee.
You die...
Fedhas appreciates your contribution to the ecosystem.

.......## ####.#.## #..........
........## #.......#####......!..
.......+.###.......P.# #.........
.......#...#.........###.........
.......###.........#..##........>
.......# ##...........##.........
####+### ##.......#...'.........
# ##.# #.####.######.........
###..# #(..y♣.# ###P#####. ....##
##.#.y#### ### # ..###
##........### ....#
#...........## ....####
##......PP#(P###
.....#.####......Py.P(((#
....#............P(##P#(+
......#.##.........#####((
..÷..######.......(# ###


You could see a queen bee and a killer bee.

Vanquished Creatures
  Harold (D:7)
  3 hydras
  2 two-headed ogres (D:11)
  A spiny frog (Lair:1)
  4 kobold demonologists
  2 trolls
  3 hippogriffs
  A wraith (D:10)
  4 yaks (Lair:1)
  2 wyverns
  4 hogs (D:7)
  A human (D:7)
  A steam dragon (D:9)
  Duvessa (D:7)
  A porcupine (Lair:1)
  3 ice beasts
  3 water moccasins
  2 orc warriors (D:11)
  A sky beast (D:8)
  An eye of draining (D:8)
  A phantom (D:12)
  5 black bears
  2 ogres
  A necrophage (D:10)
  5 centaurs
  5 crocodiles
  2 big kobolds
  6 bullfrogs
  Dowan (D:7)
  4 scorpions
  12 wights
  11 killer bees
  A howler monkey (D:7)
  2 bullfrog zombies
  A centaur zombie (D:9)
  A crimson imp (D:7)
  3 quasits
  4 jellies
  3 hounds
  5 orc priests
  5 orc wizards
  Terence (D:2)
  4 iguanas
  10 worker ants
  2 hound zombies
  2 hound skeletons (D:4)
  A howler monkey zombie (D:7)
  3 worker ant zombies
  13 adders
  A gnoll (D:3)
  4 shadow imps
  An adder zombie (D:6)
  2 worms
  A dart slug (D:2)
  3 leopard geckos
  37 orcs
  9 giant cockroaches
  8 hobgoblins
  23 jackals
  6 quokkas
  6 bats
  7 frilled lizards
  A giant cockroach zombie (D:5)
  7 goblins
  A jackal skeleton (D:4)
  16 kobolds
  10 rats
300 creatures vanquished.

Vanquished Creatures (collateral kills)
  A basilisk (Lair:1)
  A water moccasin (Lair:1)
  A big kobold (D:11)
  3 killer bees (Lair:1)
6 creatures vanquished.

Vanquished Creatures (others)
  4 fungi
  3 plants
7 creatures vanquished.

Grand Total: 313 creatures vanquished

Notes
Turn   | Place    | Note
-------+----------+-------------------------------------------
     0 | D:1      | Grimalkyne the Centaur Arcane Marksman began the quest for
                  | the Orb.
     0 | D:1      | Reached XP level 1. HP: 16/16 MP: 2/2
   269 | D:1      | Reached skill level 3 in Bows
   269 | D:1      | Reached XP level 2. HP: 23/23 MP: 3/3
   882 | D:2      | Noticed Terence
   999 | D:2      | HP: 5/23 [poisoned by an adder]
  1005 | D:2      | HP: 4/23 [poisoned by an adder]
  1010 | D:2      | HP: 4/23 [poisoned by an adder]
  1016 | D:2      | HP: 3/23 [poisoned by an adder]
  1382 | D:2      | Reached XP level 3. HP: 27/28 MP: 4/4
  1714 | D:2      | Found a faded altar of an unknown god.
  1991 | D:2      | Reached skill level 4 in Bows
  2489 | D:2      | Reached XP level 4. HP: 31/35 MP: 5/5
  2717 | D:3      | Reached skill level 5 in Bows
  2721 | D:3      | Learned a level 2 spell: Slow
  3357 | D:3      | Reached skill level 2 in Dodging
  3415 | D:3      | Reached skill level 2 in Fighting
  3634 | D:3      | Reached XP level 5. HP: 41/41 MP: 6/6
  4030 | D:2      | Killed Terence
  4384 | D:2      | Found a faded altar of an unknown god.
  4810 | D:4      | HP: 10/42 [orc priest/divine providence (15)]
  4815 | D:4      | HP: 6/42 [orc/+0 dagger (1)]
  4821 | D:4      | HP: 4/42 [orc priest/+2 hand axe of flaming (3)]
  4825 | D:4      | Reached skill level 1 in Armour
  5212 | D:4      | Reached XP level 6. HP: 50/50 MP: 7/7
  5215 | D:4      | Found a shimmering altar of Xom.
  5321 | D:4      | Reached skill level 6 in Bows
  5446 | D:4      | Noticed pentaxis93's ghost (amateur DsAK)
  5450 | D:4      | Got a faintly glowing robe
  5452 | D:4      | Found a runed translucent door.
  5460 | D:4      | Reached skill level 3 in Fighting
  5693 | D:4      | Identified the cursed +1 robe of the Shrike {rElec rCorr
                  | Int-5 Slay+5} (You found it on level 4 of the Dungeon)
  6235 | D:5      | Entered Level 5 of the Dungeon
  6407 | D:5      | Reached skill level 4 in Fighting
  6548 | D:5      | Reached XP level 7. HP: 57/59 MP: 8/8
  6633 | D:5      | Reached skill level 3 in Dodging
  7064 | D:5      | Reached skill level 4 in Dodging
  7069 | D:5      | Learned a level 3 spell: Confuse
  7112 | D:5      | Reached skill level 3 in Hexes
  7529 | D:6      | Reached skill level 4 in Hexes
  7631 | D:6      | Reached XP level 8. HP: 60/66 MP: 9/9
  7665 | D:6      | Found a staircase to the Ecumenical Temple.
  7674 | Temple   | Entered the Ecumenical Temple
  7693 | Temple   | Became a worshipper of Fedhas Madash
  8106 | D:6      | Noticed a +0 hand axe
  8107 | D:6      | Found a hide-covered altar of Uskayaw.
  8107 | D:6      | Noticed a +0 hand axe
  8604 | D:7      | Noticed Harold
  8816 | D:7      | Noticed Duvessa
  8829 | D:7      | Killed Duvessa
  8829 | D:7      | Reached skill level 5 in Fighting
  8829 | D:7      | Reached skill level 7 in Bows
  9352 | D:7      | Reached skill level 5 in Dodging
  9619 | D:7      | Found a shattered altar of Ashenzari.
  9646 | D:7      | Reached skill level 8 in Bows
  9691 | D:7      | Reached * piety under Fedhas
  9937 | D:7      | Found a basalt altar of Yredelemnul.
  9957 | D:7      | Noticed Dowan
  9964 | D:7      | Killed Dowan
  9964 | D:7      | Reached XP level 9. HP: 75/75 MP: 10/10
 10181 | D:7      | Reached skill level 6 in Fighting
 10202 | D:7      | Reached skill level 9 in Bows
 10466 | D:7      | Reached skill level 7 in Fighting
 10510 | D:7      | Found a sacrificial altar of Ru.
 10512 | D:7      | Found an opulent altar of Gozag.
 10516 | D:7      | Found a bloodstained altar of Trog.
 10518 | D:7      | Found a stormy altar of Qazlal.
 10518 | D:7      | Found a snail-covered altar of Cheibriados.
 10521 | D:7      | Found a burning altar of Makhleb.
 10667 | D:7      | Killed Harold
 10667 | D:7      | Reached skill level 8 in Fighting
 10667 | D:7      | Reached skill level 10 in Bows
 11047 | D:8      | Reached skill level 11 in Bows
 11047 | D:8      | Reached XP level 10. HP: 86/90 MP: 11/11
 12258 | D:9      | Reached skill level 9 in Fighting
 12350 | D:8      | Reached skill level 12 in Bows
 12549 | D:9      | Reached ** piety under Fedhas
 12772 | D:9      | Found a glowing golden altar of the Shining One.
 13288 | D:9      | Found a glowing silver altar of Zin.
 13289 | D:9      | Found a glowing golden altar of the Shining One.
 13290 | D:9      | Found a white marble altar of Elyvilon.
 13705 | D:10     | Entered Level 10 of the Dungeon
 13705 | D:10     | Noticed Urug
 14121 | D:10     | Learned a level 5 spell: Metabolic Englaciation
 14282 | D:10     | HP: 20/93 [Urug/+1 halberd of venom (19)]
 14667 | D:10     | HP: 23/93 [poisoned by Urug]
 14672 | D:10     | HP: 19/93 [poisoned by Urug]
 14677 | D:9      | HP: 15/93 [poisoned by Urug]
 14682 | D:9      | HP: 13/93 [poisoned by Urug]
 14688 | D:9      | HP: 12/93 [poisoned by Urug]
 14695 | D:9      | HP: 12/93 [poisoned by Urug]
 14703 | D:9      | HP: 12/93 [poisoned by Urug]
 15291 | D:10     | Found a transporter.
 15306 | D:10     | Noticed a catoblepas
 15312 | D:10     | Noticed a moth of wrath
 15313 | D:10     | Noticed Buelunku's ghost (novice DsAK)
 15329 | D:10     | Found a transporter.
 15393 | D:11     | Noticed a sun demon
 15395 | D:10     | Noticed an orange demon
 15441 | D:11     | Reached skill level 10 in Fighting
 15506 | D:11     | Reached skill level 2 in Armour
 15682 | D:8      | Got a crude hand crossbow
 15683 | D:8      | Identified the cursed +1 hand crossbow "Dejurph" {elec, MR-
                  | Str+4 Stlth+} (You found it on level 8 of the Dungeon)
 15922 | D:11     | Noticed an orange demon
 15923 | D:11     | Noticed an orange demon
 16169 | D:10     | HP: 21/93 [water moccasin (3)]
 16170 | D:10     | Reached skill level 13 in Bows
 16170 | D:10     | Reached XP level 11. HP: 23/99 MP: 12/12
 16733 | D:11     | Reached *** piety under Fedhas
 16762 | D:11     | You fall into a shaft and drop 1 floor!
 16790 | D:12     | Found a staircase to the Orcish Mines.
 17884 | D:11     | Noticed a five-headed hydra
 17956 | D:11     | Killed a five-headed hydra
 17956 | D:11     | Reached skill level 3 in Armour
 18131 | D:11     | Noticed an obsidian statue
 18149 | D:11     | Found a staircase to the Lair.
 18340 | D:11     | Noticed a two-headed ogre
 18441 | D:11     | Killed a two-headed ogre
 18539 | D:11     | Noticed a two-headed ogre
 18542 | D:11     | Killed a two-headed ogre
 18783 | Lair:1   | Entered Level 1 of the Lair of Beasts
 19081 | Lair:1   | Noticed a seven-headed hydra
 19082 | Lair:1   | Noticed a seven-headed hydra
 19125 | Lair:1   | Killed a seven-headed hydra
 19125 | Lair:1   | Reached skill level 11 in Fighting
 19125 | Lair:1   | Reached skill level 4 in Armour
 19232 | Lair:1   | Killed a seven-headed hydra
 19232 | Lair:1   | Reached skill level 14 in Bows
 19415 | Lair:1   | Noticed an oklob plant
 19416 | Lair:1   | Noticed an oklob plant
 19452 | Lair:1   | Noticed an oklob plant
 20274 | Lair:1   | Reached skill level 5 in Armour
 20434 | Lair:1   | HP: 37/153 [killer bee (2)]
 20435 | Lair:1   | HP: 13/153 [killer bee (11)]
 20436 | Lair:1   | HP: 5/153 [killer bee (8)]
 20441 | Lair:1   | HP: 18/153 [poisoned by a killer bee]
 20443 | Lair:1   | HP: 5/153 [queen bee (7)]
 20446 | Lair:1   | Succumbed to a queen bee's poison

Levels and vault maps discovered:
D:1:      shiori_arrival_oz, layout_loops_ring
D:2:      minmay_chambers_of_ones, layout_basic,
          chequers_ecumenical_altar_simple, uniq_terence
D:3:      layout_loops_ring, kennysheep_generic_room_16
D:4:      layout_loops_ring, marbit_many_paths, first_ration,
          hellmonk_ghost_happy_afterlife
D:5:      layout_basic
D:6:      kennysheep_big_flooded_room, layout_basic, dancing_weapons_uskayaw,
          minmay_temple_entry_glass
D:7:      layout_loops_ring, minitemple, lemuel_crystal_altar, kennysheep_mini,
          dk_noncrumbling_4, grunt_livestock, grunt_ministairs_2, uniq_harold,
          uniq_duvessa
D:8:      layout_basic
D:9:      layout_stronghold, good_gods_temple_1, basic_altar
D:10:     layout_cross, gammafunk_ghost_berserking_beasts, uniq_urug
D:11:     layout_irregular_city, grunt_lair_entry_orc_guard_hut,
          minmay_protected_statue
D:12:     layout_basic, orc_0_dummy, portal_ice_cave_demonic_guard,
          interstate_on_off
Temple:   dpeg_three_leaves_temple
Lair:1:   layout_roguey [special_room_bee], serial_bayou_pond_e,
          minmay_lair_oklob_chamber

Skill      XL: |  1  2  3  4  5  6  7  8  9 10 11 |
---------------+----------------------------------+-----
Bows           | 3 4 5 6 8 11 13 14 | 14.0
Dodging        | 2 4 5 |  5.6
Fighting       | 2 4 5 8 10 11 | 11.5
Armour         | 1 2 5 |  5.0
Hexes          | 4 |  4.9
Spellcasting   | |  1.2

Action                   |  1- 3 |  4- 6 |  7- 9 | 10-12 || total
-------------------------+-------+-------+-------+-------++-------
Melee: Dagger            |    34 |       |       |       ||    34
       Kick              |     8 |    33 |     1 |       ||    42
       Falchion          |    13 |   135 |     3 |       ||   151
       Hand crossbow     |       |       |       |     1 ||     1
 Fire: Shortbow          |    65 |   153 |   291 |   363 ||   872
       Hunting sling     |    28 |    14 |       |       ||    42
       Hand crossbow     |       |       |       |   297 ||   297
Throw: Stone             |    38 |    51 |       |     7 ||    96
 Cast: Slow              |       |     3 |     4 |       ||     7
       Confuse           |       |       |     1 |       ||     1
Invok: Wall of Briars    |       |       |       |    14 ||    14
  Use: Scroll            |       |     7 |     2 |    19 ||    28
       Potion            |       |     1 |     1 |     8 ||    10
  Eat: Chunk             |     3 |    11 |     8 |    15 ||    37
       Ration            |       |       |     1 |     3 ||     4
Armor: Robe              |    14 |    37 |    27 |     5 ||    83
       Scale mail        |       |    74 |       |   133 ||   207
       Skin              |       |       |       |    27 ||    27
Dodge: Dodged            |    41 |   104 |    54 |   177 ||   376
       Rpst.: Falchion   |     3 |    22 |     2 |       ||    27

Table legend:
 A = Non-vault XP
 B = Vault XP
 C = Vault XP percentage of total XP
 D = Non-vault monster count
 E = Vault monster count
 F = Vault count percentage of total count
                 A         B        C        D         E       F
            +---------+---------+-------+---------+---------+-------
      Total |   16456 |    3842 |  18.9 |     265 |      41 |  13.4
            +---------+---------+-------+---------+---------+-------
        D:1 |      31 |       4 |  11.4 |      22 |       2 |   8.3
        D:2 |      54 |      48 |  47.1 |      19 |       6 |  24.0
        D:3 |      86 |      17 |  16.5 |      24 |       3 |  11.1
        D:4 |     312 |       3 |   1.0 |      35 |       1 |   2.8
        D:5 |     642 |       0 |   0.0 |      18 |       0 |   0.0
        D:6 |     385 |     219 |  36.3 |      11 |       2 |  15.4
        D:7 |     860 |    2245 |  72.3 |      19 |      10 |  34.5
        D:8 |    1727 |       0 |   0.0 |      19 |       0 |   0.0
        D:9 |    1652 |       0 |   0.0 |      32 |       0 |   0.0
       D:10 |    1615 |       0 |   0.0 |      13 |       0 |   0.0
       D:11 |    4955 |     629 |  11.3 |      36 |       6 |  14.3
       D:12 |     207 |       0 |   0.0 |       4 |       0 |   0.0
     Lair:1 |    3930 |     677 |  14.7 |      13 |      11 |  45.8
            +---------+---------+-------+---------+---------+-------

Levels and vault maps discovered:
D:1:      shiori_arrival_oz, layout_loops_ring
D:2:      minmay_chambers_of_ones, layout_basic,
          chequers_ecumenical_altar_simple, uniq_terence
D:3:      layout_loops_ring, kennysheep_generic_room_16
D:4:      layout_loops_ring, marbit_many_paths, first_ration,
          hellmonk_ghost_happy_afterlife
D:5:      layout_basic
D:6:      kennysheep_big_flooded_room, layout_basic, dancing_weapons_uskayaw,
          minmay_temple_entry_glass
D:7:      layout_loops_ring, minitemple, lemuel_crystal_altar, kennysheep_mini,
          dk_noncrumbling_4, grunt_livestock, grunt_ministairs_2, uniq_harold,
          uniq_duvessa
D:8:      layout_basic
D:9:      layout_stronghold, good_gods_temple_1, basic_altar
D:10:     layout_cross, gammafunk_ghost_berserking_beasts, uniq_urug
D:11:     layout_irregular_city, grunt_lair_entry_orc_guard_hut,
          minmay_protected_statue
D:12:     layout_basic, orc_0_dummy, portal_ice_cave_demonic_guard,
          interstate_on_off
Temple:   dpeg_three_leaves_temple
Lair:1:   layout_roguey [special_room_bee], serial_bayou_pond_e,
          minmay_lair_oklob_chamber

Table legend:
 A = Turns spent in this place as a percentage of turns spent in the entire game.
 B = Non-inter-level travel turns spent in this place as a percentage of non-inter-level travel turns spent in the entire game.
 C = Inter-level travel turns spent in this place as a percentage of turns spent in this place.
 D = Turns resting spent in this place as a percentage of non-inter-level travel turns spent in this place.
 E = Turns spent auto-exploring this place as a percentage of non-inter-level travel turns spent in this place.
 F = Non-inter-level travel turns spent in this place divided by the number of levels of this place that you've seen.
                   A       B       C       D       E      F
               +-------+-------+-------+-------+-------+----------------------
         Total | 100.0 | 100.0 |   7.5 |  30.7 |  46.0 | 1350.7
       Dungeon |  92.3 |  91.7 |   8.1 |  29.7 |  47.4 | 1444.7
        Temple |   0.1 |   0.1 |  28.6 |   0.0 |  25.0 |  20.0
          Lair |   7.6 |   8.2 |   0.0 |  42.5 |  31.1 | 1554.0
               +-------+-------+-------+-------+-------+----------------------

Table legend:
 A = Kills in this place as a percentage of kills in entire the game.
 B = Kills by you in this place as a percentage of kills by you in the entire game.
 C = Kills by friends in this place as a percentage of kills by friends in the entire game.
 D = Other kills in this place as a percentage of other kills in the entire game.
 E = Experience gained in this place as a percentage of experience gained in the entire game.
 F = Experience gained in this place divided by the number of levels of this place that you have seen.
                   A       B       C       D       E      F
               +-------+-------+-------+-------+-------+----------------------
         Total | 100.0 | 100.0 | 100.0 |   N/A | 100.0 | 1449.9
       Dungeon |  92.2 |  93.7 |  16.7 |   N/A |  77.3 | 1307.6
          Lair |   7.8 |   6.3 |  83.3 |   N/A |  22.7 | 4607.0
               +-------+-------+-------+-------+-------+----------------------
